 Dungeon Crawl Stone Soup version 0.16.2-12-gd0ad4c3 (webtiles) character file.

5316 magipi the Cleaver (level 10, -3/84 HPs)
             Began as a Ghoul Gladiator on Oct 12, 2015.
             Was an Elder of Makhleb.
             Slain by a killer bee (5 damage)
             ... on level 9 of the Dungeon.
             The game lasted 00:47:34 (6300 turns).

magipi the Cleaver (Ghoul Gladiator)                Turns: 6300, Time: 00:47:34

Health: -3/84      AC: 15    Str: 25    XL:     10   Next: 64%
Magic:  16/16      EV: 11    Int:  4    God:    Makhleb [****..]
Gold:   266        SH:  0    Dex: 11    Spells: 0 memorised, 9 levels left

rFire  . . .     SeeInvis .     a - +0 broad axe (curse)
rCold  + + .     Clarity  .     p - +3 ring mail
rNeg   + + +     SustAb   .     (no shield)
rPois  ∞         Gourm    .     y - +1 helmet
rElec  .         Spirit   .     q - +2 cloak
rCorr  .         Warding  .     x - +1 pair of gloves
rMut   .         Stasis   .     (no boots)
MR     .....                    (no amulet)
Stlth  +.........               (no ring)
                                c - ring of protection from cold

@: mighty, very slightly contaminated, rotting, invisible, not resistant to
hostile enchantments, very unstealthy
A: rotting body, claws 1, carnivore 3, cold resistance 1, negative energy
resistance 3, poison resistance, slow healing 1, torment resistance, unbreathing
a: Minor Destruction, Lesser Servant of Makhleb, Major Destruction, Renounce
Religion


You were on level 9 of the Dungeon.
You worshipped Makhleb.
Makhleb was greatly pleased with you.
You were not hungry.

You visited 2 branches of the dungeon, and saw 10 of its levels.

You collected 398 gold pieces.
You spent 132 gold pieces at shops.

Inventory:

Hand weapons
 a - a cursed +0 broad axe (weapon)
 b - a +0 blowgun
Missiles
 d - a throwing net
 r - 4 javelins
 s - 3 tomahawks (quivered)
 u - 32 poisoned needles
 B - 7 curare-tipped needles
Armour
 p - a +3 ring mail (worn)
 q - a +2 cloak (worn)
 x - a +1 pair of gloves (worn)
 y - a +1 helmet (worn)
Jewellery
 c - a ring of protection from cold (left hand)
 t - a cursed ring of teleportation
Magical devices
 h - a wand of disintegration (16)
 j - a wand of magic darts (26)
 n - a wand of fireball (4)
 C - a wand of disintegration (14)
Scrolls
 e - a scroll of remove curse
 k - a scroll of fog {unknown}
 l - a scroll of immolation
 F - a scroll of fear {unknown}
Potions
 g - a potion of brilliance
 w - a potion of restore abilities {unknown}
 z - a potion of berserk rage {unknown}
 D - a potion of poison {unknown}
 E - a potion of mutation {unknown}
Comestibles
 f - 3 meat rations


   Skills:
 + Level 6.4 Fighting
 - Level 11.6 Axes
 - Level 3.0 Throwing
 - Level 2.6 Dodging
 + Level 5.5 Invocations
 + Level 4.0 Evocations


You had 9 spell levels left.
You didn't know any spells.

Dungeon Overview and Level Annotations

Branches:
Dungeon (9/15)             Temple (1/1) D:6
   Lair: D:8-11         Orc: D:9-12

Altars:
Ashenzari
Cheibriados
Dithmenos
Elyvilon
Fedhas
Gozag
Kikubaaqudgha
Makhleb
Okawaru
Qazlal
Ru
Sif Muna
Trog
Vehumet
Xom
Yredelemnul
Zin
The Shining One

Shops:
D:7 }(


Innate Abilities, Weirdness & Mutations

Your body is rotting away.
You thrive on raw meat.
You have sharp fingernails.
You are carnivorous and can eat meat at any time.
Your flesh is cold resistant.
You are immune to negative energy.
Your system is resistant to poisons.
You heal slowly when monsters are visible.
You are immune to unholy pain and torment.
You can survive without breathing.

Vault maps used:
D:1:      roderic_octagonal_star
D:2:      lemuel_doored_altar, first_bread, minmay_newt_pond, uniq_jessica
D:3:      kennysheep_cluttered_room
D:4:      grunt_gozag_statues, kennysheep_mini_moat, st_stairs_10
D:5:      led_sif_book, minmay_misc_feat_roman
D:6:      gammafunk_temple_overflow_elements, vehumet_altar_wand_db,
          minmay_temple_entry_hall, basic_altar, uniq_menkaure, uniq_edmund,
          uniq_natasha
D:7:      wad_pebble_path, serial_shops, nicolae_shop_crystal,
          nicolae_for_you_no_charge
D:8:      special_room
D:9:      lemuel_mausoleum_altar_yredelemnul, uniq_joseph
Temple:   bh_familiar_temple


Message History

You miss the killer bee. The killer bee stings you.
The killer bee stings you but does no damage.
You completely miss the killer bee.
The killer bee stings you but does no damage.
The killer bee barely misses you.
You barely miss the killer bee. The killer bee stings you.
The killer bee stings you but does no damage.
You miss the killer bee.
The killer bee stings you but does no damage. x2
You closely miss the killer bee. The killer bee closely misses you.
The killer bee barely misses you.
You miss the killer bee. The killer bee barely misses you.
The killer bee barely misses you.
You barely miss the killer bee. The killer bee misses you.
The killer bee completely misses you.
You hit the killer bee but do no damage.
The killer bee stings you. The killer bee closely misses you.
You completely miss the killer bee.
The killer bee stings you but does no damage.
The killer bee barely misses you.
You miss the killer bee. The killer bee stings you.
The killer bee stings you but does no damage.
You barely miss the killer bee.
The killer bee stings you but does no damage. x2
The killer bee closely misses you.
You closely miss the killer bee.
The killer bee stings you but does no damage.
The killer bee stings you.
Your ring mail prevents you from hitting the killer bee.
The killer bee barely misses you. The killer bee stings you.
You closely miss the killer bee.
The killer bee stings you but does no damage.
The killer bee stings you!
You miss the killer bee. The killer bee barely misses you.
The killer bee misses you.
The killer bee stings you but does no damage.
The killer bee stings you.
The killer bee stings you but does no damage.
The killer bee stings you!
Evoke which item? (* to show all) (? for menu, Esc to quit)
Okay, then.
You closely miss the killer bee.
The killer bee stings you but does no damage.
The killer bee misses you.
You miss the killer bee. The killer bee stings you!
* * * LOW HITPOINT WARNING * * *
The killer bee completely misses you. The killer bee stings you.
* * * LOW HITPOINT WARNING * * *
Read which item? (? for menu, Esc to quit)
As you read the scroll of teleportation, it crumbles to dust.
You feel strangely unstable.
The killer bee stings you but does no damage.
The killer bee closely misses you. The killer bee stings you.
* * * LOW HITPOINT WARNING * * *
Your surroundings seem slightly different.
Unknown command.
There is an open door here.
The killer bee stings you!
* * * LOW HITPOINT WARNING * * *
Drink which item? (? for menu, Esc to quit)
You fade into invisibility!
The killer bee misses you. The killer bee stings you.
* * * LOW HITPOINT WARNING * * *
You are very lightly contaminated with residual magic.
The killer bee closely misses you. The killer bee barely misses you.
The killer bee closely misses you. The killer bee barely misses you.
The killer bee misses you.
The killer bee stings you but does no damage.
The killer bee completely misses you.
There is an open door here.
The killer bee completely misses you.
Drink which item? (? for menu, Esc to quit)
It was a potion of cure mutation.
It has a very clean taste.
The killer bee barely misses you. x2
Drink which item? (? for menu, Esc to quit)
You feel very mighty all of a sudden.
The killer bee stings you but does no damage.
The killer bee misses you.
You slash the killer bee!
The killer bee is almost dead.
The killer bee closely misses you. The killer bee stings you.
* * * LOW HITPOINT WARNING * * *
You closely miss the killer bee.
The killer bee is almost dead.
The killer bee barely misses you. x2
Unknown command.
You catch the helpless killer bee completely off-guard!
You slash the killer bee!
You kill the killer bee!
Makhleb accepts your kill.
The killer bee stings you but does no damage.
Unknown command.
You miss the killer bee. The killer bee stings you.
* * * LOW HITPOINT WARNING * * *
The killer bee stings you but does no damage.
You miss the killer bee. The killer bee stings you.
You die...

....#
#.#####...)......#......
....#
#......#.#######.####y##
....# ####.###.# #.#
....# ###############
#.# ....#
#.#.#_#.#.#.##8####.#
....#
#'#'#'#)#'#'###.....#
#####
#............'..#####
#'#'#y#'#)#'#####
#.#.#@#.#.#.#
#############


You could see a killer bee.

Table legend:
 A = Kills in this place as a percentage of kills in entire the game.
 B = Kills by you in this place as a percentage of kills by you in the entire game.
 C = Kills by friends in this place as a percentage of kills by friends in the entire game.
 D = Other kills in this place as a percentage of other kills in the entire game.
 E = Experience gained in this place as a percentage of experience gained in the entire game.
 F = Experience gained in this place divided by the number of levels of this place that you have seen.
                   A       B       C       D       E      F
               +-------+-------+-------+-------+-------+----------------------
         Total | 100.0 | 100.0 | 100.0 |  -nan | 100.0 | 759.5
       Dungeon | 100.0 | 100.0 | 100.0 |  -nan | 100.0 | 843.9
               +-------+-------+-------+-------+-------+----------------------

Vanquished Creatures
  Joseph (D:9)
  A troll (D:9)
  A wraith (D:9)
  A hungry ghost (D:9)
  Edmund (D:6)
  Menkaure (D:6)
  4 sky beasts
  A black bear (D:7)
  4 ogres
  A necrophage (D:7)
  2 orc warriors
  2 centaurs
  2 phantoms
  10 big kobolds
  3 giant frogs
  3 scorpions
  13 killer bees
  2 crimson imps
  2 wights (D:9)
  A centaur zombie (D:6)
  3 hounds
  A giant frog skeleton (D:6)
  5 human zombies (D:9)
  2 iguanas
  7 worker ants
  6 orc priests
  4 orc wizards
  Natasha (twice) (D:6)
  Jessica (D:2)
  A hound zombie (D:7)
  2 mummies (D:9)
  2 worker ant zombies
  8 adders
  A shadow imp (D:7)
  A giant mite (D:8)
  3 worms (D:2)
  An adder zombie (D:5)
  3 adder skeletons
  3 giant geckos
  3 oozes
  34 orcs
  A bat zombie (D:6)
  4 giant cockroaches
  8 goblins
  16 hobgoblins
  22 jackals
  5 quokkas
  3 ball pythons
  15 bats
  11 giant newts
  30 kobolds
  2 orc zombies (D:9)
  A quokka zombie (D:7)
  16 rats
283 creatures vanquished.

Vanquished Creatures (collateral kills)
  A big kobold (D:8)
  A worker ant (D:8)
  3 kobolds (D:8)
5 creatures vanquished.

Vanquished Creatures (others)
  A worker ant (D:8)
1 creature vanquished.

Grand Total: 289 creatures vanquished

Notes
Turn   | Place    | Note
--------------------------------------------------------------
     0 | D:1      | magipi, the Ghoul Gladiator, began the quest for the Orb.
     0 | D:1      | Reached XP level 1. HP: 17/17 MP: 1/1
    90 | D:1      | Reached skill level 3 in Axes
    94 | D:1      | Reached XP level 2. HP: 7/24 MP: 2/2
   383 | D:2      | Reached XP level 3. HP: 27/29 MP: 3/3
   657 | D:2      | Noticed Jessica
   662 | D:2      | Killed Jessica
   662 | D:2      | Reached XP level 4. HP: 29/36 MP: 3/3
   865 | D:2      | Reached skill level 4 in Axes
   932 | D:2      | Found a glowing golden altar of the Shining One.
  1349 | D:3      | Reached XP level 5. HP: 41/41 MP: 4/4
  1640 | D:3      | Reached skill level 5 in Axes
  1772 | D:3      | Reached XP level 6. HP: 42/48 MP: 5/5
  1995 | D:4      | Found an opulent altar of Gozag.
  2120 | D:4      | Reached skill level 6 in Axes
  2153 | D:5      | Entered Level 5 of the Dungeon
  2237 | D:5      | Reached XP level 7. HP: 43/55 MP: 5/5
  2435 | D:5      | Reached skill level 7 in Axes
  2510 | D:5      | Found a deep blue altar of Sif Muna.
  3141 | D:6      | Reached skill level 8 in Axes
  3176 | D:6      | Reached XP level 8. HP: 48/61 MP: 6/6
  3314 | D:6      | Found a radiant altar of Vehumet.
  3316 | D:6      | Noticed Edmund
  3336 | D:6      | Killed Edmund
  3336 | D:6      | Reached skill level 9 in Axes
  3374 | D:6      | Noticed Menkaure
  3397 | D:6      | Killed Menkaure
  3468 | D:6      | Found a staircase to the Ecumenical Temple.
  3474 | Temple   | Entered the Ecumenical Temple
  3720 | D:6      | Found an ancient bone altar of Kikubaaqudgha.
  3720 | D:6      | Found a burning altar of Makhleb.
  3724 | D:6      | Became a worshipper of Makhleb the Destroyer
  3760 | D:6      | Found a burning altar of Makhleb.
  3762 | D:6      | Noticed Natasha
  3771 | D:6      | Killed Natasha
  3771 | D:6      | Reached skill level 10 in Axes
  3802 | D:6      | Noticed Natasha
  3814 | D:6      | Killed Natasha
  3981 | D:7      | Reached XP level 9. HP: 62/67 MP: 7/7
  4048 | D:7      | Acquired Makhleb's first power
  4168 | D:7      | Found Sulyera's Antique Weapon Shop.
  4197 | D:7      | Bought a broad axe for 132 gold pieces
  4213 | D:7      | Found Paigiryi's Quality Used Wands.
  4332 | D:7      | Reached skill level 11 in Axes
  4411 | D:7      | Acquired Makhleb's second power
  4855 | D:7      | Reached skill level 1 in Invocations
  5351 | D:8      | Acquired Makhleb's third power
  5582 | D:8      | Reached XP level 10. HP: 66/79 MP: 13/13
  5626 | D:8      | Reached skill level 1 in Evocations
  5650 | D:8      | Reached skill level 5 in Fighting
  5769 | D:9      | Noticed Joseph
  5789 | D:9      | Killed Joseph
  5875 | D:9      | Acquired Makhleb's fourth power
  5901 | D:9      | Reached skill level 5 in Invocations
  6143 | D:9      | Found a basalt altar of Yredelemnul.
  6296 | D:9      | HP: 4/84 [killer bee (2)]
  6300 | D:9      | Slain by a killer bee

Action                   |  1- 3 |  4- 6 |  7- 9 | 10-12 || total
-------------------------+-------+-------+-------+-------++-------
Melee: War axe           |   102 |   241 |   367 |       ||   710
       Broad axe         |       |       |   211 |   240 ||   451
Throw: Throwing net      |     2 |     2 |     1 |       ||     5
       Javelin           |       |       |     4 |     4 ||     8
       Tomahawk          |       |       |       |     5 ||     5
  Use: Scroll            |       |       |    15 |     1 ||    16
       Potion            |       |       |     5 |     3 ||     8
 Stab: Invisible         |       |       |       |     1 ||     1
  Eat: Chunk             |    12 |    23 |    43 |    13 ||    91

Action                   |  1- 3 |  4- 6 |  7- 9 | 10-12 || total
-------------------------+-------+-------+-------+-------++-------
Melee: War axe           |   102 |   241 |   367 |       ||   710
       Broad axe         |       |       |   211 |   240 ||   451
Throw: Throwing net      |     2 |     2 |     1 |       ||     5
       Javelin           |       |       |     4 |     4 ||     8
       Tomahawk          |       |       |       |     5 ||     5
  Use: Scroll            |       |       |    15 |     1 ||    16
       Potion            |       |       |     5 |     3 ||     8
 Stab: Invisible         |       |       |       |     1 ||     1
  Eat: Chunk             |    12 |    23 |    43 |    13 ||    91

Action                   |  1- 3 |  4- 6 |  7- 9 | 10-12 || total
-------------------------+-------+-------+-------+-------++-------
Melee: War axe           |   102 |   241 |   367 |       ||   710
       Broad axe         |       |       |   211 |   240 ||   451
Throw: Throwing net      |     2 |     2 |     1 |       ||     5
       Javelin           |       |       |     4 |     4 ||     8
       Tomahawk          |       |       |       |     5 ||     5
  Use: Scroll            |       |       |    15 |     1 ||    16
       Potion            |       |       |     5 |     3 ||     8
 Stab: Invisible         |       |       |       |     1 ||     1
  Eat: Chunk             |    12 |    23 |    43 |    13 ||    91
